 Dungeon Crawl Stone Soup version 0.29.1-2-gbd0b4ee654 (webtiles) character file.

Game seed: 10479004436875628864

27 jamestheduck25 the Ruffian (level 2, 29/29 HPs)
             Began as a Troll Berserker on Nov 29, 2022.
             Was a Follower of Trog.
             Quit the game on level 1 of the Dungeon.
             The game lasted 00:04:03 (1056 turns).

jamestheduck25 the Ruffian (Troll Berserker)        Turns: 1056, Time: 00:04:04

Health: 29/29      AC:  4    Str: 24    XL:     2   Next: 93%
Magic:  1/1        EV: 10    Int:  3    God:    Trog [*.....]
Gold:   80         SH:  0    Dex:  9    Spells: 1/1 levels left

rFire   . . .      SeeInvis .     - Unarmed
rCold   . . .      Faith    .   (no shield)
rNeg    . . .      Spirit   .   a - +0 animal skin
rPois   .          Reflect  .   (helmet restricted)
rElec   .          Harm     .   (no cloak)
rCorr   .          Rampage  .   (gloves unavailable)
Will    .....                   (boots unavailable)
Stlth   +.........              (no amulet)
HPRegen 0.89/turn               (no ring)
MPRegen 0.07/turn               (no ring)

@: weak-willed, flying
A: large, unfitting armour, claws 3, regeneration 1, shaggy fur 1, tough skin 1
a: Renounce Religion, Berserk


You were on level 1 of the Dungeon.
You worshipped Trog.
Trog was aware of your devotion.
You visited 1 branch of the dungeon, and saw 1 of its levels.

You collected 80 gold pieces.

Inventory:

Armour
 a - a +0 animal skin (worn)
Scrolls
 c - 2 scrolls of magic mapping
 g - a scroll of amnesia
Potions
 b - a potion of attraction
 e - a potion of flight
 h - a potion of degeneration {unknown}


   Skills:
 + Level 2.6 Fighting
 + Level 2.7 Dodging
 * Level 3.6 Unarmed Combat


You had one spell level left.
You didn't know any spells.
Your spell library was empty.

Dungeon Overview and Level Annotations

Branches:
Dungeon (1/15)

Altars:


Innate Abilities, Weirdness & Mutations

You are too large for most types of armour.
You have claws for hands.
Your natural rate of healing is unusually fast.
You are covered in fur. (AC +1)
You have tough skin. (AC +1)


Message History

No target in view!
Partly explored, can't reach some places.
No target in view!
Partly explored, can't reach some places.
No target in view!
Key pressed, stopping explore.
No target in view!
Partly explored, can't reach some places.
Partly explored, can't reach some places.
Partly explored, can't reach some places.
Welcome back, jamestheduck25 the Troll Berserker.
Trog says: Kill them all!
Press ? for a list of commands and other information.
Partly explored, can't reach some places.
Partly explored, can't reach some places.
You enter the shallow water.
Moving in this stuff is going to be slow.
You enter the shallow water.
Moving in this stuff is going to be slow.
Why would you want to do that? Why would you want to do that?
Unknown command.
Unknown command.
As you read the scroll labelled NENETH ONUITS, it crumbles to dust.
You feel aware of your surroundings.
It was a scroll of magic mapping.
As you read the scroll labelled ESUM UQITWU, it crumbles to dust.
Magic quickly surges around you.
It was a scroll of vulnerability.
As you read the scroll labelled KIYFRA WONG, it crumbles to dust.
It is a scroll of identify.
b - a potion of attraction
As you read the scroll labelled YWNAL ZIHECLICSA, it crumbles to dust.
It is a scroll of amnesia.
You feel forgetful for a moment.
Okay, then.
It was a potion of flight.
You feel very buoyant.
You fly up into the air.
Save game and exit?
Okay, then.
Are you sure you want to abandon this character and quit the game? (Confirm with "yes".)

.....## #.##.##.# #.# #.#
###...####..>.##.###.# #.#
.....................# ##.#
##.#..####....##.##### #...
#.##..# #..##.##.# #.## ....###
#.###.##.### #########.# .##..##
#.# #.##≈≈≈###.#.....#.#
.##.#.###.###.##.≈..#.#.≈###...#
....##........##@.##.##~≈# ###.##
##.#..###.######.#####~≈## #..÷
#.##...##........##≈*#≈.#########
....##.##.#########≈##...........
.##..#....# #≈≈#.~≈≈######.
.##.#..##.## *#≈#.≈### #.
....##.....# #≈≈.≈# #.
##.#...###.# ##≈≈.# #. #.##..##
#.# ##~## #.


There were no monsters in sight!

Vanquished Creatures
  A bat (D:1)
  An endoplasm (D:1)
  A giant cockroach (D:1)
  3 hobgoblins (D:1)
  A quokka (D:1)
  4 ball pythons (D:1)
  8 frilled lizards (D:1)
  3 goblins (D:1)
  2 kobolds (D:1)
  3 rats (D:1)
27 creatures vanquished.

Notes
Turn   | Place    | Note
-------+----------+-------------------------------------------
     0 | D:1      | jamestheduck25 the Troll Berserker began the quest for the
                  | Orb.
     0 | D:1      | Reached XP level 1. HP: 22/22 MP: 0/0
   102 | D:1      | Reached XP level 2. HP: 29/29 MP: 1/1
   167 | D:1      | Found a faded altar of an unknown god.
  1056 | D:1      | Quit the game

Illustrated notes

Levels and vault maps discovered:
D:1:      ncdulo_lavacross, layout_loops_ring,
          hellmonk_ecumenical_altar_zigzags, chequers_serial_rivers_small_b,
          nicolae_eternal_life, minmay_lizard_pond

Action                   || total
-------------------------++-------
Melee: Unarmed           ||    63
       Punch             ||     1
  Use: Scroll            ||     4
       Potion            ||     1
Armor: Animal skin       ||    21
Dodge: Dodged            ||    36
